 Dungeon Crawl Stone Soup version 0.17.1-1-g73c8601 (webtiles) character file.

206 Goblin1989 the Sneak (level 5, -2/24 HPs)
             Began as a Spriggan Enchanter on Jan 8, 2016.
             Slain by a giant frog (9 damage)
             ... on level 4 of the Dungeon on Jan 9, 2016.
             The game lasted 00:18:36 (3216 turns).

Goblin1989 the Sneak (Spriggan Enchanter)           Turns: 3216, Time: 00:18:37

Health: -2/24      AC:  5    Str:  4    XL:     5   Next: 53%
Magic:  6/13       EV: 18    Int: 17    God:
Gold:   136        SH:  0    Dex: 17    Spells: 3 memorised, 7 levels left

rFire  . . .     SeeInvis +     a - +1 dagger (venom)
rCold  . . .     Clarity  .     t - +1 robe
rNeg   . . .     SustAt   .     (shield restricted)
rPois  .         Gourm    .     (helmet restricted)
rElec  .         Spirit   .     (no cloak)
rCorr  .         Warding  .     (gloves unavailable)
rMut   .         Stasis   .     (boots unavailable)
MR     .....                    (no amulet)
Stlth  ++++......               (no ring)
                                m - +2 ring of protection

@: very quick, not resistant to hostile enchantments, stealthy
A: unfitting armour, see invisible, herbivore 3, speed 3, slow metabolism 2
a: no special abilities


You were on level 4 of the Dungeon.
You were not hungry.

You visited 1 branch of the dungeon, and saw 4 of its levels.

You collected 136 gold pieces.

Inventory:

Hand Weapons
 a - a +1 dagger of venom (weapon)
 b - a +1 hunting sling of velocity
Missiles
 q - 85 stones (quivered)
 u - 16 steel sling bullets
Armour
 t - a +1 robe (worn)
Jewellery
 m - a +2 ring of protection (left hand)
Wands
 x - a wand of paralysis (11)
Scrolls
 e - a scroll of fear {unknown}
 f - 2 scrolls of recharging {unknown}
 h - a scroll of magic mapping {unknown}
 j - a scroll of random uselessness {unknown}
 k - a scroll of identify {unknown}
 l - 3 scrolls of enchant armour {unknown}
 p - 4 scrolls of remove curse {unknown}
 s - a scroll of blinking {unknown}
 v - 2 scrolls of teleportation {unknown}
 w - 2 scrolls of noise {unknown}
Potions
 g - a potion of agility
 i - 2 potions of lignification {unknown}
 n - 4 potions of curing {unknown}
 o - 2 potions of cancellation {unknown}
 r - 2 potions of might {unknown}
Books
 c - a book of Maledictions

   Spells                             Type                      Level
   a - Corona                         Hexes                        1
   b - Ensorcelled Hibernation        Hexes/Ice                    2
   c - Confuse                        Hexes                        3
   d - Tukima's Dance                 Hexes                        3
   e - Dazzling Spray                 Conjuration/Hexes            3
Comestibles
 d - a bread ration


   Skills:
 - Level 1.1 Short Blades
 + Level 1.6 Slings
 - Level 3.0 Dodging
 + Level 5.7 Stealth
 * Level 4.8 Spellcasting
 * Level 5.3 Hexes


You had 7 spell levels left.
You knew the following spells:

 Your Spells              Type           Power        Failure   Level  Hunger
a - Corona                Hex            ###....      1%          1    None
b - Ensorcelled Hibernat  Hex/Ice        ##....       10%         2    #......
c - Confuse               Hex            ###.....     6%          3    ###....


Dungeon Overview and Level Annotations

Branches:
Dungeon (4/15)
 Temple: D:4-7

Altars:


Innate Abilities, Weirdness & Mutations

You are tiny and cannot use many weapons and most armour.
You have supernaturally acute eyesight.
You are a herbivore.
You cover ground extremely quickly.
You need consume almost no food.


Message History

You impale the hound!!
You kill the hound!
The hound barks!
Found 8 gold pieces.
The giant frog croaks.
The phantom blinks!
Found 20 stones.
An orc comes into view. It is wielding a dagger of draining.
A scorpion comes into view.
Found 8 gold pieces.
Found a scroll labeled JACONUU SOIQ.
Found 18 stones.
You see here 8 gold pieces.
You now have 136 gold pieces (gained 8).
You see here a scroll labeled JACONUU SOIQ.
w - 2 scrolls labeled JACONUU SOIQ (gained 1)
Found a scroll labeled JESUOM VECEGU.
The giant frog misses you. The giant frog hits you!
You die...

...#.## ....#
#....#########..(.#
###................
###..##.........#
##........####
####.....# ##..###
##...#### ###.F@.##
####..# ####


You could see a giant frog.

Vanquished Creatures
  A hound (D:4)
  2 orc wizards (D:3)
  Robin (D:2)
  3 adders
  An ooze (D:1)
  2 worms (D:2)
  A giant gecko (D:1)
  An orc (D:3)
  2 giant cockroaches
  11 goblins
  9 hobgoblins
  16 jackals
  8 bats
  6 kobolds
  A quokka (D:3)
  3 rats
68 creatures vanquished.

Notes
Turn   | Place    | Note
--------------------------------------------------------------
     0 | D:1      | Goblin1989 the Spriggan Enchanter began the quest for the Orb.
     0 | D:1      | Reached XP level 1. HP: 9/9 MP: 5/5
    94 | D:1      | Reached XP level 2. HP: 7/13 MP: 2/7
   410 | D:1      | Learned a level 2 spell: Ensorcelled Hibernation
  1011 | D:1      | Reached XP level 3. HP: 13/16 MP: 1/8
  1096 | D:1      | Reached skill level 5 in Stealth
  1373 | D:2      | Learned a level 3 spell: Confuse
  1835 | D:3      | Noticed Robin
  2084 | D:2      | Reached XP level 4. HP: 14/21 MP: 0/10
  2763 | D:2      | Killed Robin
  2971 | D:3      | Found a faded altar to an unknown god.
  3011 | D:3      | Reached skill level 5 in Hexes
  3015 | D:3      | Reached skill level 1 in Slings
  3015 | D:3      | Reached XP level 5. HP: 24/24 MP: 1/12
  3171 | D:4      | Noticed a phantom
  3216 | D:4      | Slain by a giant frog

Action                   |  1- 3 |  4- 6 || total
-------------------------+-------+-------++-------
Melee: Dagger            |   109 |    54 ||   163
 Cast: Corona            |    11 |       ||    11
       Ensorcelled Hiber |    31 |    18 ||    49
       Confuse           |     1 |     5 ||     6
 Stab: Sleeping          |    26 |    13 ||    39
       Confused          |     1 |     1 ||     2
  Eat: Fruit             |       |     4 ||     4
